 Dungeon Crawl Stone Soup version 0.27-a0-1497-gf8f22f7954 (webtiles) character file.

Game seed: 6879317371029076058

524 27snakeeyes612 the Chopper (level 7, -4/82 HPs)
             Began as a Human Berserker on July 7, 2021.
             Was a Priest of Trog.
             Slain by an ogre (10 damage)
             ... on level 5 of the Dungeon.
             The game lasted 00:02:44 (4237 turns).

27snakeeyes612 the Chopper (Human Berserker)        Turns: 4237, Time: 00:02:45

Health: -4/82      AC: 12    Str: 19    XL:     7   Next: 46%
Magic:  7/7        EV: 11    Int:  7    God:    Trog [***...]
Gold:   114        SH:  0    Dex: 13    Spells: 6/6 levels left

rFire    + . .     SeeInvis .   a - +0 hand axe
rCold    x . .     Faith    .   (no shield)
rNeg     . . .     Spirit   .   q - +0 scale mail
rPois    .         Reflect  .   (no helmet)
rElec    .         Harm     .   w - +0 cloak
rCorr    .         Rampage  .   (no gloves)
Will     .....                  (no boots)
Stlth    ..........             (no amulet)
HPRegen  0.23/turn              l - +4 ring of protection
MPRegen  0.10/turn              t - ring of fire

@: berserking, very quick
A: no striking features
a: Renounce Religion, Berserk, Trog's Hand


You were on level 5 of the Dungeon.
You worshipped Trog.
Trog was most pleased with you.
You visited 1 branch of the dungeon, and saw 5 of its levels.

You collected 114 gold pieces.

Inventory:

Hand Weapons
 a - a +0 hand axe (weapon)
Missiles
 n - 2 throwing nets (quivered)
Armour
 b - a +0 animal skin
 h - a +0 ring mail
 k - a +0 tower shield
 q - a +0 scale mail (worn)
 w - a +0 cloak (worn)
Jewellery
 l - a +4 ring of protection (left hand)
 t - a ring of fire (right hand)
Scrolls
 c - 2 scrolls of immolation {unknown}
 g - a scroll of amnesia {unknown}
 m - 4 scrolls of identify {unknown}
 s - a scroll of enchant armour {unknown}
 u - a scroll of acquirement {unknown}
 x - a scroll of holy word {unknown}
 y - a scroll of noise {unknown}
Potions
 d - 2 potions of attraction {unknown}
 e - 2 potions of invisibility {unknown}
 f - a potion of flight {unknown}
 i - a potion of brilliance {unknown}
 j - a potion of haste {unknown}
 o - a potion of lignification {unknown}
 p - a potion of curing {unknown}
 r - a potion of ambrosia {unknown}
 v - a potion of heal wounds {unknown}


   Skills:
 + Level 4.4 Fighting
 + Level 4.9 Axes
 + Level 3.6 Armour
 + Level 3.7 Dodging
 + Level 2.4 Shields


You had 6 spell levels left.
You didn't know any spells.
Your spell library was empty.

Dungeon Overview and Level Annotations

Branches:
Dungeon (5/15)             Temple (0/1) D:4

Altars:
Yredelemnul

Shops:
D:4 (


Message History

The ogre moves out of view.
An ogre is nearby!
You hit the ogre.
The ogre is moderately wounded.
The ogre misses you.
You hit the ogre.
The ogre is heavily wounded.
You hit the ogre.
The ogre is heavily wounded.
The ogre closely misses you.
You hit the ogre.
The ogre is severely wounded.
The ogre closely misses you.
You hit the ogre but do no damage.
The ogre is severely wounded.
The ogre hits you with a +0 giant club!!
You hit the ogre.
The ogre is severely wounded.
The ogre hits you with a +0 giant club!!
* * * LOW HITPOINT WARNING * * *
You are too injured to fight recklessly!
You are too injured to fight recklessly!
You are too injured to fight recklessly!
You are too injured to fight recklessly!
You are too injured to fight recklessly!
You are too injured to fight recklessly!
You are too injured to fight recklessly!
You are too injured to fight recklessly!
You are too injured to fight recklessly!
You are too injured to fight recklessly!
You are too injured to fight recklessly!
A red film seems to cover your vision as you go berserk!
You feel yourself moving faster!
You feel mighty! The ogre hits you but does no damage.
You barely miss the ogre.
The ogre is severely wounded.
You hit the ogre.
The ogre is almost dead.
The ogre hits you with a +0 giant club!
You die...

#.# #.# ####.#### #
#.......# #+## #
#.##.##.# #...## #
#.##.##.# #.....# #
##.##..#.# ##.......
#####........###O.......
...............+@.......
.####<..................
.# #.....#######.......
.# #.....#.$$..#......#
.# #.....#$$.$.#.....##
.# #.....#.._..#.##+##
.# #####.#$$...#.# .#
#.#.....#.# #.###+###.#


You could see an ogre.

Vanquished Creatures
  An orc warrior (D:4)
  A black bear (D:4)
  A scorpion (D:4)
  Crazy Yiuf (D:3)
  A bullfrog skeleton (D:4)
  Jessica (D:3)
  Robin (D:3)
  A howler monkey skeleton (D:4)
  6 adders
  An adder skeleton (D:4)
  4 worms
  5 dart slugs
  5 orcs (D:4)
  3 ball pythons
  3 bats
  6 endoplasms
  5 giant cockroaches
  7 hobgoblins
  13 jackals
  3 quokkas
  2 frilled lizards (D:3)
  17 goblins
  3 kobolds
  4 rats
95 creatures vanquished.

Notes
Turn   | Place    | Note
-------+----------+-------------------------------------------
     0 | D:1      | 27snakeeyes612 the Human Berserker began the quest for the
                  | Orb.
     0 | D:1      | Reached XP level 1. HP: 18/18 MP: 1/1
     3 | D:1      | Noticed an electric eel
     4 | D:1      | Noticed an electric eel
   436 | D:1      | Reached XP level 2. HP: 13/24 MP: 2/2
  1047 | D:1      | Reached XP level 3. HP: 25/29 MP: 3/3
  1334 | D:2      | Reached ** piety under Trog
  1519 | D:2      | Reached XP level 4. HP: 35/35 MP: 4/4
  2181 | D:3      | Noticed Jessica
  2187 | D:3      | Killed Jessica
  2193 | D:3      | Reached XP level 5. HP: 30/41 MP: 5/5
  2291 | D:3      | Found a faded altar of an unknown god.
  2318 | D:3      | Noticed Robin
  2342 | D:3      | Killed Robin
  2343 | D:3      | Reached skill level 1 in Shields
  2369 | D:3      | Reached *** piety under Trog
  2842 | D:3      | You fall into a shaft and drop 1 floor!
  2845 | D:4      | Noticed a black bear
  2855 | D:4      | Reached XP level 6. HP: 44/48 MP: 6/6
  2862 | D:4      | Killed a black bear
  3279 | D:3      | Found a runed translucent door.
  3280 | D:3      | Noticed Crazy Yiuf
  3291 | D:3      | Killed Crazy Yiuf
  3423 | D:4      | Found a staircase to the Ecumenical Temple.
  3460 | D:4      | Noticed an orc warrior
  3475 | D:4      | Reached XP level 7. HP: 53/53 MP: 7/7
  3689 | D:4      | Found Xeism's Antique Weapon Shoppe.
  4168 | D:5      | Entered Level 5 of the Dungeon
  4215 | D:5      | Found a basalt altar of Yredelemnul.
  4237 | D:5      | Slain by an ogre

Illustrated notes

Levels and vault maps discovered:
D:1:      arrival_aquarium_b, layout_loops_cross
D:2:      layout_rooms
D:3:      layout_rooms, ebering_ecumenical_altar_ruins, minmay_unequal,
          uniq_robin, uniq_crazy_yiuf_cottage, uniq_jessica
D:4:      layout_loops_ring, temple_fountains, serial_shops, shop
D:5:      layout_loops_corners, amcnicky_altar_gilded, uniq_ijyb

Skill      XL: |  1  2  3  4  5  6 |
---------------+-------------------+-----
Axes           | 4 |  4.9
Shields        | 1 2 |  2.4
Dodging        | 3 |  3.7
Fighting       | 4 |  4.4
Armour         | 3 |  3.6

Action                   |  1- 3 |  4- 6 |  7- 9 || total
-------------------------+-------+-------+-------++-------
Melee: Hand axe          |    85 |   209 |    34 ||   328
Invok: Berserk           |     1 |     4 |     1 ||     6
       Trog's Hand       |       |     1 |       ||     1
Armor: Animal skin       |    10 |       |       ||    10
       Ring mail         |    23 |    93 |       ||   116
       Scale mail        |       |    30 |     7 ||    37
Dodge: Dodged            |    80 |   169 |    21 ||   270

Table legend: (Time is in decaauts)
 A = Elapsed time spent in this place.
 B = Non-inter-level travel time spent in this place.
 C = Inter-level travel time spent in this place.
 D = Time resting spent in this place.
 E = Time spent auto-exploring this place.
 F = Levels seen in this place.
 G = Mean time per level.
                   A        B        C        D        E       F      G
               +--------+--------+--------+--------+--------+-----+--------+
         Total |   4308 |   4163 |    145 |    388 |   3145 |   5 |  861.6 |
       Dungeon |   4308 |   4163 |    145 |    388 |   3145 |   5 |  861.6 |
               +--------+--------+--------+--------+--------+-----+--------+

Top non-repeatable levels by time:
     D:1: 1268 daAuts
     D:4: 1138 daAuts
     D:3: 932 daAuts
     D:2: 900 daAuts
     D:5: 68 daAuts
